 Dungeon Crawl Stone Soup version 0.31-a0-83-gbff143cfd1 (webtiles) character file.

Game seed: 10469664417897766800

1831881 Flugkiller the Conqueror (level 27, 246/246 (249) HPs)
             Began as a Merfolk Berserker on May 24, 2023.
             Was the Champion of Trog.
             Escaped with the Orb
             ... and 3 runes!
             The game lasted 01:48:54 (61024 turns).

Flugkiller the Conqueror (Merfolk Berserker)       Turns: 61024, Time: 01:48:55

HP:   246/246 (249) AC: 48    Str: 28 (29) XL:     27
MP:   9/9           EV: 19    Int: 11      God:    Trog [******]
Gold: 6648          SH: 25    Dex: 25      Spells: 26/26 levels left

rFire   + . .        y - +9 demon trident (antimagic)
rCold   + + +        m - +1 tower shield {reflect}
rNeg    . . .        A - +12 gold dragon scales
rPois   +            e - +0 helmet of Parlour Games {rC+++ Dex+4 Stlth-}
rElec   +            z - +4 dragonskin cloak
rCorr   +            K - +2 pair of gloves
SInv    .            g - +1 pair of boots of Gozag's Indignation {rElec Will+ Stlth+}
Will    ++++.        b - amulet "Qiorol" {+Blink rElec Will+ Regen+ rCorr} Stlth
                     U - ring "Danofa" {rPois rCorr MP+9 Slay+3}
HPRegen 1.41/turn    o - ring "Wegiwn" {Str+6 Dex+2 Stlth+}
MPRegen 0.11/turn

%: reflection
@: lightly drained
A: (nimble swimmer 2), mertail, clever 1, low MP 1, passive freeze, wild magic 1
0: Orb of Zot
}: 3/15 runes: decaying, serpentine, silver
a: Renounce Religion, Evoke Blink, Berserk, Trog's Hand, Brothers in Arms


You escaped.
You worshipped Trog.
Trog was exalted by your worship.
You visited 8 branches of the dungeon, and saw 44 of its levels.
You visited the Abyss 1 time.
You also visited: Ice Cave, Wizlab and Desolation.

You collected 7844 gold pieces.
You spent 1196 gold pieces at shops.

Inventory:

Hand Weapons
 y - a +9 antimagic demon trident (weapon)
   (Trog gifted it to you on level 5 of the Lair of Beasts)
Missiles
 j - 4 throwing nets (quivered)
 B - 13 curare-tipped darts
Armour
 e - the +0 helmet of Parlour Games (worn) {rC+++ Dex+4 Stlth-}
   (You found it on level 5 of the Lair of Beasts)

   Dex:       It affects your dexterity (+4).
   rC:        It renders you almost immune to cold.
   Stlth:     It makes you less stealthy.
 g - the +1 pair of boots of Gozag's Indignation (worn) {rElec Will+ Stlth+}
   (You found it in a wizard's laboratory)

   rElec:     It insulates you from electricity.
   Will:      It increases your willpower.
   Stlth:     It makes you more stealthy.
 m - a +1 tower shield of reflection (worn)
   (You found it in the Desolation of Salt)
 z - the +4 dragonskin cloak (worn)
   (You took it off Tiamat on level 4 of the Realm of Zot)

   Avatar's Aegis: It grants the wearer a chance to resist fire, cold, poison,
   electricity, acid, and negative energy.
 A - +12 gold dragon scales (worn)
   (You found it on level 5 of the Vaults)
 K - a +2 pair of gloves (worn)
   (You found it on level 5 of the Dungeon)
Jewellery
 b - the amulet "Qiorol" (around neck) {+Blink rElec Will+ Regen+ rCorr}
   (You found it on level 2 of the Dungeon)

   [amulet of regeneration]

   rElec:     It insulates you from electricity.
   +Blink:    It lets you blink.
   Regen:     It increases your rate of health regeneration.
   rCorr:     It protects you from acid and corrosion.
   Will:      It increases your willpower.
 f - a ring of protection from fire
   (You bought it in a shop on level 1 of the Depths)
 i - a ring of see invisible
   (You bought it in a shop on level 2 of the Orcish Mines)
 o - the ring "Wegiwn" (right hand) {Str+6 Dex+2 Stlth+}
   (You found it in the Desolation of Salt)

   [ring of strength]

   Str:       It affects your strength (+6).
   Dex:       It affects your dexterity (+2).
   Stlth:     It makes you more stealthy.
 v - a +5 ring of evasion
   (You found it on level 15 of the Dungeon)
 G - the amulet "Korgh" {Reflect -Tele *Corrode rN+++ SH+5 SInv}
   (You took it off a yellow draconian on level 2 of the Realm of Zot)

   [amulet of reflection]

   It reflects blocked missile attacks.
   rN:        It renders you almost immune to negative energy.
   SInv:      It lets you see invisible.
   -Tele:     It prevents most forms of teleportation.
   *Corrode:  It may corrode you when you take damage.
   SH:        It affects your SH (+5).
 U - the ring "Danofa" (left hand) {rPois rCorr MP+9 Slay+3}
   (You found it in the Desolation of Salt)

   [ring of magical power]

   Slay:      It affects your accuracy & damage with ranged weapons and melee
   (+3).
   rPois:     It protects you from poison.
   MP:        It affects your magic capacity (+9).
   rCorr:     It protects you from acid and corrosion.
Wands
 a - a wand of digging (15)
   (You took it off a salamander on level 3 of the Snake Pit)
 k - a wand of roots (33)
   (You found it on level 2 of the Dungeon)
 r - a wand of acid (28)
   (You bought it in a shop on level 3 of the Snake Pit)
 F - a wand of mindburst (63)
   (You found it on level 8 of the Dungeon)
 N - a wand of charming (13)
   (You found it on level 11 of the Dungeon)
Scrolls
 s - 3 scrolls of magic mapping
 t - 11 scrolls of teleportation
 u - 3 scrolls of enchant weapon
 x - 4 scrolls of vulnerability
 C - 7 scrolls of poison
 I - 2 scrolls of silence
 T - 7 scrolls of immolation
 W - 6 scrolls of fog
 Y - 3 scrolls of butterflies
 Z - 6 scrolls of fear
Potions
 d - 7 potions of might
 n - a potion of resistance
 q - 12 potions of curing
 w - 5 potions of heal wounds
 D - 4 potions of ambrosia
 E - 5 potions of mutation
 J - 2 potions of cancellation
 Q - 10 potions of enlightenment
Miscellaneous
 c - a phantom mirror
   (You found it on level 11 of the Dungeon)
 p - a lightning rod (4/4)
   (You found it on level 5 of the Lair of Beasts)
 M - a condenser vane
   (You found it on level 2 of the Snake Pit)
 V - a phial of floods
   (You found it on level 14 of the Dungeon)


   Skills:
 O Level 27 Fighting
 - Level 16.0 Polearms
 - Level 18.0 Armour
 - Level 20.0 Dodging
 - Level 20.0 Shields
 + Level 25.2 Evocations


You had 26 spell levels left.
You didn't know any spells.
Your spell library was empty.

Dungeon Overview and Level Annotations

Branches:
Dungeon (15/15)            Temple (0/1) D:6            Lair (5/5) D:9
  Swamp (4/4) Lair:3        Snake (4/4) Lair:3        Slime (0/5) Lair:4
    Orc (2/2) D:10            Elf (0/3) Orc:2        Vaults (5/5) D:14
  Crypt (0/3) Vaults:3     Depths (4/4) D:15            Zot (5/5) Depths:4
  IceCv (visited)          WizLab (visited)         Desolation (visited)

Altars:
Ashenzari
Cheibriados
Dithmenos
Gozag
Hepliaklqana
Kikubaaqudgha
Nemelex Xobeh
Okawaru
Qazlal
Uskayaw
Vehumet
Wu Jian
Xom
Yredelemnul
Zin
The Shining One
Lugonu

Shops:
Orc:1 [   Orc:2 ?[=*   Snake:1 :   Snake:3 *   Vaults:1 (   Vaults:2 (
Depths:1 :==   Depths:2 *   Depths:3 *   Depths:4 =

Portals:
Hell: Depths:1 Depths:2 Depths:3 Depths:4
Abyss: Lair:5 Depths:3 Depths:4
Pandemonium: Depths:2
Ziggurat: Depths:3
Trove: Vaults:2 (give +6 demon whip)

Annotations:
D:3 1 runed translucent door, Crazy Yiuf
D:4 Eustachio
Lair:1 3 runed translucent doors, bmj180's ghost, journeyman MfIE
Lair:2 exclusion: oklob plant
Swamp:2 2 transporters, adept's ghost, adept TrFi
Vaults:4 36 runed doors
Depths:2 exclusion: 2 orange crystal statues
Depths:3 exclusions: eye of devastation, floating eye and 2 more exclusions


Innate Abilities, Weirdness & Mutations

((You are very nimble when in or above water. (Stealth+, EV+, Speed+++)))
Your lower body shifts to a powerful aquatic tail in water.
Your mind is acute. (Int +4, Str/Dex -1)
Your magical capacity is low. (-10% MP)
A frigid envelope surrounds you and freezes all who hurt you.
Your spells are a little harder to cast, but a little more powerful.


Message History

You puncture the hellephant!
The hellephant's magic leaks into the air.
The hellephant is lightly wounded.
You puncture the hellephant!
The hellephant's magic leaks into the air.
The hellephant is moderately wounded.
You block the hellephant's attack. x2; The hellephant misses you.
You puncture the hellephant!
The hellephant's magic leaks into the air.
The hellephant is moderately wounded.
You feel the effects of Trog's Hand fading.
You block the hellephant's attack. x3
You puncture the hellephant!
The hellephant's magic leaks into the air.
The hellephant is moderately wounded.
You puncture the hellephant!
The hellephant's magic leaks into the air.
The hellephant is heavily wounded.
You block the hellephant's attack. x2
The hellephant gores you but does no damage.
You puncture the hellephant!
The hellephant's magic leaks into the air.
The hellephant is heavily wounded.
The hellephant completely misses you.
The hellephant bites you but does no damage.
The hellephant is very cold.
The hellephant is heavily wounded.
You block the hellephant's attack.
You hit the hellephant but do no damage.
The hellephant is heavily wounded.
You completely miss the hellephant.
The hellephant is heavily wounded.
The hellephant falters for a moment.
You puncture the hellephant!
The hellephant's magic leaks into the air.
The hellephant is severely wounded.
The hellephant breathes flames at you. The blast of flame hits you! You resist.
You puncture the hellephant!
The hellephant's magic leaks into the air.
The hellephant is severely wounded.
You puncture the hellephant!
The hellephant's magic leaks into the air.
The hellephant is severely wounded.
You block the hellephant's attack.
The hellephant bites you but does no damage.
The hellephant is very cold.
The hellephant is severely wounded.
You block the hellephant's attack.
You hit the hellephant but do no damage.
The hellephant is severely wounded.
Your skin stops crawling.
You feel less strong-willed. You block the hellephant's attack.
The hellephant bites you but does no damage.
The hellephant is very cold.
The hellephant is almost dead.
You block the hellephant's attack.
You puncture the hellephant!
The hellephant's magic leaks into the air.
The hellephant is almost dead.
You puncture the hellephant!
The hellephant's magic leaks into the air.
The hellephant is almost dead.
The hellephant breathes flames at you. The blast of flame hits you!!
You resist.
You closely miss the hellephant.
The hellephant is almost dead.
You block the hellephant's attack. The hellephant bites you!
The hellephant is very cold.
The hellephant is almost dead.
You block the hellephant's attack.
You stick the hellephant like a pincushion!!!
You kill the hellephant!
Trog accepts your kill.
(D) Dungeon (T) Temple (L) Lair (S) Swamp (P) Snake Pit (M) Slime Pits (O) Orcish Mines (E) Elven Halls (V) Vaults (C) Crypt (U) Depths (H) Hell (Z) Zot
Where to? (Enter - D:1 @ (x,y), ? - help)
A reaper comes into view. It is wielding a +4 antimagic scythe.
You recover from your berserk rage.
There is a stone staircase leading up here.
You climb upwards.
Level annotation: 1 runed translucent door, Crazy Yiuf
There is a stone staircase leading down here.
(D) Dungeon (T) Temple (L) Lair (S) Swamp (P) Snake Pit (M) Slime Pits (O) Orcish Mines (E) Elven Halls (V) Vaults (C) Crypt (U) Depths (H) Hell (Z) Zot
Where to? (Enter - D:1 @ (x,y), ? - help)
There is a stone staircase leading up here.
You climb upwards.
There is a stone staircase leading down here.
There is a stone staircase leading up here.
You climb upwards.
There is a stone staircase leading down here.
HP restored.
There is a staircase leading out of the dungeon here.
Enter note: gg You have escaped!

..# #.# #####.# #.# ..# #.#
##...#.### #.# ..# #.#
##..#.....#### #.# ..#
##.###..#.#.......# #.# ..#
#......#...#......# #.# ).#
#.#####.....#####.# #.# ..#
#..#...........#..# #.# .##
####..#.........#..## #.# .##
##.....#....@....#..## #.### ..#
#..#..#...........#..## #....
#.###.##.#####.....#####..# #.##.
#...[.##......#...#.......###.##.
#.......#####..#.#..#............
#....##....###..#..#........#.##.
#....#####.####...##..#####÷#....
#....# #.........#..#........##
#....## #..####...#..#.###)#.##


There were no monsters in sight!

Vanquished Creatures
  Tiamat (Zot:4)
  2 dread liches
  4 orbs of fire
  6 ancient liches
  Mennas (Vaults:3)
  2 juggernauts
  Josephina (Zot:3)
  A pandemonium lord (D:11)
  12 Killer Klowns
  4 caustic shrikes (Depths:4)
  4 curse toes
  Saint Roka (Orc:2)
  7 golden dragons
  Jory (Vaults:5)
  A profane servitor (D:13)
  4 bone dragons
  8 electric golems
  A Tzitzimitl (D:5)
  A hellephant (D:4)
  A Brimstone Fiend (D:8)
  Mlioglotl (Snake:1)
  19 tentacled monstrosities
  25 Orb Guardians (Zot:5)
  An Ice Fiend (Depths:2)
  2 walking crystal tomes (WizLab)
  5 quicksilver dragons
  2 walking earthen tomes
  8 titans
  3 liches
  10 death cobs
  5 sphinxes
  12 shadow dragons
  2 tentacled starspawn (Abyss:2)
  2 thorn hunters
  12 storm dragons
  5 tengu reavers
  14 frost giants
  A strange machine (WizLab)
  Donald (Swamp:1)
  5 fire giants
  A rockslime (Zot:5)
  A nargun (Depths:2)
  4 nagarajas (Snake:4)
  8 draconian monks
  A demonspawn warmonger (D:9)
  3 deep elf sorcerers (Vaults:5)
  11 draconian knights
  2 imperial myrmidons (Desolation)
  4 iron dragons
  4 draconian stormcallers
  6 draconian scorchers
  A balrug (Depths:1)
  The ghost of Xitaol the Ninja, an adept SpEn of Wu Jian (Snake:2)
  9 vault wardens
  A ghoul (Vaults:3)
  5 ironbound thunderhulks
  3 orc warlords
  11 draconian shifters
  5 war gargoyles
  15 very ugly things
  2 reapers
  10 draconian annihilators
  23 ironbound preservers
  Nessos (Lair:4)
  6 spriggan defenders
  A caustic shrike skeleton (Depths:2)
  3 vampire knights (Depths:3)
  8 green draconians
  12 stone giants
  2 deep elf demonologists (Vaults:5)
  5 eleionomae
  12 red draconians
  13 dire elephants
  22 purple draconians
  15 black draconians
  A wendigo (Depths:2)
  The ghost of Flugkiller the Arsonist, a journeyman OpWn of Fedhas (D:12)
  14 white draconians
  13 yellow draconians
  4 spark wasps
  A deep elf annihilator (Vaults:5)
  2 blizzard demons
  6 bunyips
  9 ettins
  4 crystal guardians
  2 deep elf death magi
  4 entropy weavers
  6 great orbs of eyes
  A merfolk impaler (Depths:2)
  3 deep elf high priests
  13 servants of whispers
  9 fire dragons
  14 ragged hierophants
  Erolcha (D:10)
  A salamander tyrant (Snake:4)
  19 yaktaur captains
  33 vault guards
  12 peacekeepers
  A caustic shrike simulacrum (Depths:2)
  13 rakshasas
  8 ghost crabs
  17 hydras
  8 ogre magi
  A juggernaut simulacrum (Depths:2)
  3 ironbound frosthearts
  6 ice dragons
  A spriggan air mage (Depths:4)
  A hell beast (Depths:1)
  2 anacondas
  15 centaur warriors
  A catoblepas (D:13)
  4 alligators
  6 boulder beetles
  24 two-headed ogres
  4 naga sharpshooters
  A spriggan berserker (Depths:4)
  13 naga warriors
  7 tengu warriors
  A death yak (Lair:4)
  7 dancing weapons (WizLab)
  6 deep troll earth magi
  A vampire mage (Depths:4)
  5 shock serpents
  Nergalle (D:10)
  An orc high priest (Orc:1)
  5 deep troll shamans
  6 thrashing horrors
  6 iron trolls
  2 wretched stars (Abyss:2)
  A fire crab (Depths:2)
  15 hell knights
  3 skeletal warriors
  A soul eater (Depths:1)
  A sixfirhy (Zot:3)
  2 skysharks
  5 salamander mystics
  Lodul (D:14)
  4 spriggan druids
  7 swamp dragons
  4 sea snakes
  5 naga ritualists (Snake:4)
  4 goliath frogs
  A flayed ghost (Vaults:5)
  2 death drakes
  71 deep trolls
  6 glowing orange brains
  A lindwurm (shapeshifter) (Vaults:2)
  A glowing orange brain (shapeshifter) (Depths:3)
  13 wizards
  A golden dragon skeleton (Depths:2)
  2 deep elf archers
  A tengu zombie (Vaults:1)
  3 harpies (Vaults:1)
  7 large abominations
  13 lindwurms
  30 ironbound convokers
  2 bog bodies (Swamp:1)
  6 deep elf pyromancers
  A steelbarb worm (shapeshifter) (Vaults:5)
  A sphinx zombie (Vaults:1)
  2 deep elf zephyrmancers (Depths:2)
  6 orc knights
  9 necromancers
  5 phantasmal warriors
  2 wolf spiders
  A stone giant zombie (Vaults:4)
  5 cyclopes
  6 mana vipers
  2 orc sorcerers
  4 will-o-the-wisps
  20 ugly things
  A frost giant zombie (Depths:1)
  A salamander (shapeshifter) (Depths:3)
  31 moths of wrath
  2 worldbinders (Depths:2)
  A manticore (D:13)
  A moth of wrath (shapeshifter) (Vaults:5)
  6 salamanders
  10 elephants
  A toenail golem (D:5)
  11 centaur zombies (D:13)
  15 naga magi
  23 black mambas
  2 guardian serpents
  4 molten gargoyles
  16 vault sentinels
  3 rust devils
  An orange demon (D:5)
  2 ice statues (IceCv)
  5 smoke demons
  3 gargoyles
  An unseen horror (D:12)
  A yaktaur zombie (Vaults:1)
  6 rime drakes
  10 cane toads
  A kobold demonologist (D:11)
  15 komodo dragons
  22 yaktaurs
  3 human zombies
  A yaktaur skeleton (Vaults:4)
  An efreet (D:13)
  3 freezing wraiths
  3 tengu conjurers
  3 golden dragon simulacra
  2 bloated husks
  A redback zombie (D:13)
  6 trolls
  3 ancient zymes (Lair:5)
  4 tyrant leeches
  A troll (shapeshifter) (Vaults:5)
  7 polar bears
  A tengu simulacrum (Vaults:2)
  3 hellwings
  A tarantella (Depths:2)
  12 hornets
  4 raiju (Abyss:2)
  A dream sheep (shapeshifter) (Vaults:5)
  73 saltlings
  5 dream sheep (Lair:5)
  45 blink frogs
  2 spectral elephants (Lair:3)
  A spectral dream sheep (Lair:3)
  2 iron dragon simulacra (Depths:2)
  2 draconian simulacra (Zot:3)
  A slime creature (shapeshifter) (D:11)
  4 shadows
  An ettin skeleton (Depths:1)
  8 spriggans
  A stone giant simulacrum (Depths:1)
  A culicivora (shapeshifter) (D:13)
  2 fire elementals (Depths:2)
  A spectral black mamba (Lair:3)
  8 water elementals (Depths:2)
  5 wyverns
  24 slime creatures
  2 wraiths
  49 yaks
  A hog (Depths:2)
  A hog (shapeshifter) (Lair:5)
  12 basilisks
  3 chaos spawn
  2 ynoxinuls (Lair:5)
  An elf simulacrum (Vaults:1)
  7 redbacks
  A steam dragon (D:8)
  A yaktaur simulacrum (Vaults:1)
  A white draconian simulacrum (Zot:3)
  14 vampire mosquitoes
  13 swamp worms
  3 wargs
  29 nagas
  3 acid dragons
  A floating eye (shapeshifter) (Depths:4)
  16 water moccasins
  A spectral polar bear (Lair:3)
  8 swamp drakes
  2 ice beasts
  2 sky beasts
  2 glowing shapeshifter skeletons
  A spectral torpor snail (Lair:3)
  5 black bears
  An ettin simulacrum (Depths:2)
  A sky beast (shapeshifter) (Vaults:5)
  33 orc warriors
  17 centaurs
  7 boggarts
  A spectral rime drake (Lair:3)
  9 wolves
  13 ogres
  A kobold brigand (D:8)
  A phantom (D:5)
  13 small abominations
  2 gnoll sergeants
  9 bullfrogs
  2 scorpions
  3 earth elementals
  11 wights
  A lindwurm simulacrum (IceCv)
  17 killer bees
  3 howler monkeys
  5 vampire bats
  3 electric eels
  7 komodo dragon simulacra (IceCv)
  2 lava snakes
  A quasit (D:6)
  2 jellies
  8 orc priests
  5 hounds
  An iron imp (Abyss:2)
  A sleepcap (D:5)
  2 iguanas
  9 orc wizards
  5 hell rats (Lair:5)
  2 boggart zombies (D:13)
  6 gnolls
  5 acid dragon simulacra (IceCv)
  3 adders
  A river rat (Lair:2)
  3 shadow imps (D:6)
  6 white imps
  8 steam dragon simulacra (IceCv)
  5 ufetubi
  A worm (D:3)
  3 dart slugs
  45 orcs
  4 ball pythons
  12 bats
  8 endoplasms
  2 giant cockroaches
  12 goblins
  6 hobgoblins
  6 jackals
  3 quokkas
  8 frilled lizards
  9 kobolds
  5 rats
  2 starspawn tentacles (Abyss:2)
2039 creatures vanquished.

Vanquished Creatures (collateral kills)
  A tentacled monstrosity (Zot:1)
  3 ironbound preservers
  A war gargoyle (Vaults:5)
  An ironbound thunderhulk (Vaults:1)
  2 dire elephants (Vaults:1)
  A deep elf annihilator (Vaults:5)
  An ice dragon (Depths:4)
  An ironbound convoker (Vaults:5)
  4 deep trolls (Vaults:1)
  3 orc knights (Vaults:1)
  6 saltlings (Desolation)
  2 orc warriors (Orc:2)
  An orc (Orc:2)
27 creatures vanquished.

Vanquished Creatures (others)
  2 death cobs (Zot:1)
  A draconian knight (Zot:1)
  An angel (D:7)
  A rakshasa (WizLab)
  A dancing weapon (WizLab)
  4 bloated husks
  A swamp worm (Swamp:1)
  6 foxfires (Swamp:4)
  5 starspawn tentacles (Abyss:2)
22 creatures vanquished.

Grand Total: 2088 creatures vanquished

Notes
Turn   | Place    | Note
-------+----------+-------------------------------------------
     0 | D:1      | Flugkiller the Merfolk Berserker began the quest for the
                  | Orb.
     0 | D:1      | Reached XP level 1. HP: 18/18 MP: 1/1
     1 | D:1      | You fall into a shaft and drop 1 floor!
    10 | D:2      | Reached skill level 4 in Fighting
    10 | D:2      | Reached XP level 2. HP: 25/25 MP: 2/2
   274 | D:1      | Reached XP level 3. HP: 30/30 MP: 3/3
   383 | D:1      | Reached ** piety under Trog
   887 | D:2      | Identified the amulet "Qiorol" {+Blink rElec Will+ Regen+
                  | rCorr}
  1356 | D:3      | Reached XP level 4. HP: 36/38 MP: 4/4
  1455 | D:3      | Found a runed translucent door.
  1456 | D:3      | Noticed Crazy Yiuf
  1502 | D:3      | Found a faded altar of an unknown god.
  2217 | D:4      | Reached *** piety under Trog
  2322 | D:4      | Reached skill level 5 in Polearms
  2325 | D:4      | Reached XP level 5. HP: 43/43 MP: 5/5
  2354 | D:4      | Reached skill level 5 in Fighting
  2541 | D:4      | Noticed a black bear
  2563 | D:4      | Killed a black bear
  2564 | D:4      | Reached XP level 6. HP: 51/51 MP: 6/6
  2708 | D:4      | Reached skill level 5 in Dodging
  2778 | D:4      | Noticed Eustachio
  3232 | D:5      | Entered Level 5 of the Dungeon
  3697 | D:5      | Reached XP level 7. HP: 57/57 MP: 7/7
  3789 | D:5      | Reached skill level 6 in Fighting
  4297 | D:6      | Reached skill level 1 in Evocations
  4506 | D:6      | Reached XP level 8. HP: 57/63 MP: 8/8
  4523 | D:6      | Found a staircase to the Ecumenical Temple.
  5692 | D:7      | Found a shimmering altar of Xom.
  5695 | D:7      | Noticed an angel
  5700 | D:7      | Found a glowing silver altar of Zin.
  5899 | D:7      | Killed an angel
  6153 | D:7      | Reached skill level 7 in Fighting
  6153 | D:7      | Reached XP level 9. HP: 37/70 MP: 9/9
  6224 | D:8      | Reached skill level 5 in Evocations
  6446 | D:8      | Reached **** piety under Trog
  6589 | D:8      | Noticed a hornet
  6601 | D:8      | Killed a hornet
  6959 | D:8      | Reached skill level 10 in Polearms
  7175 | D:8      | Reached skill level 8 in Fighting
  7461 | D:9      | Reached XP level 10. HP: 79/82 MP: 10/10
  7605 | D:8      | Reached skill level 9 in Fighting
  7609 | D:8      | Reached skill level 10 in Dodging
  7710 | D:9      | Found the +5 robe of Misfortune {Harm *Corrode *Slow EV+5}
  7876 | D:9      | Found a staircase to the Lair.
  8285 | D:9      | Reached skill level 10 in Fighting
  8401 | D:9      | Found an ornate altar of the Wu Jian Council.
  8406 | D:9      | Found an ancient bone altar of Kikubaaqudgha.
  8409 | D:9      | Found a glowing golden altar of the Shining One.
  8412 | D:9      | Found a radiant altar of Vehumet.
  8412 | D:9      | Found a stormy altar of Qazlal.
  8423 | D:9      | Found a shadowy altar of Dithmenos.
  8428 | D:9      | Found an opulent altar of Gozag.
  8898 | D:10     | Entered Level 10 of the Dungeon
  8902 | D:10     | Found a hazy altar of Hepliaklqana.
  8945 | D:10     | Noticed Erolcha
  8952 | D:10     | Reached XP level 11. HP: 90/90 MP: 11/11
  8957 | D:10     | Killed Erolcha
  9012 | D:10     | Found a staircase to the Orcish Mines.
  9376 | D:10     | Noticed Nergalle
  9631 | D:10     | Reached skill level 1 in Shields
  9706 | D:10     | Killed Nergalle
  9809 | D:10     | Found a snail-covered altar of Cheibriados.
  9810 | D:10     | Found a sparkling altar of Nemelex Xobeh.
  9811 | D:10     | Found a hide-covered altar of Uskayaw.
  9812 | D:10     | Found a basalt altar of Yredelemnul.
 10247 | D:11     | Noticed a two-headed ogre
 10259 | D:11     | Killed a two-headed ogre
 10310 | D:11     | Reached skill level 11 in Fighting
 10387 | D:11     | Noticed a two-headed ogre
 10402 | D:11     | Killed a two-headed ogre
 10590 | Lair:1   | Entered Level 1 of the Lair of Beasts
 10709 | Lair:1   | Identified the +6 long sword "Wausog" {freeze, Int+2}
 10736 | Lair:1   | Reached skill level 5 in Shields
 10761 | Lair:1   | Reached XP level 12. HP: 94/100 MP: 12/12
 10841 | Lair:1   | Identified the +4 dagger of Feywice {freeze, rPois Will-
                  | Stlth+}
 10997 | Lair:1   | Reached skill level 12 in Fighting
 11067 | Lair:1   | Found a runed translucent gate.
 11068 | Lair:1   | Found a runed translucent gate.
 11068 | Lair:1   | Found a runed translucent gate.
 11069 | Lair:1   | Noticed bmj180's ghost (journeyman MfIE)
 11519 | Lair:2   | Found a frozen archway.
 11537 | IceCv    | Entered an ice cave
 11776 | IceCv    | Noticed a white draconian
 11806 | IceCv    | Killed a white draconian
 11965 | IceCv    | Identified the +9 longbow of the Eye-covered God {flame,
                  | Str+4}
 12182 | Lair:2   | Reached ***** piety under Trog
 12425 | Lair:2   | Reached skill level 10 in Shields
 13050 | Lair:3   | Found a staircase to the Snake Pit.
 13079 | Lair:3   | Reached XP level 13. HP: 87/108 MP: 13/13
 13195 | Lair:3   | Received a gift from Trog
 13454 | Lair:3   | Identified the +1 sling of Keje {drain, rElec rC+ Int+2
                  | Stlth+}
 13630 | Lair:3   | Found a staircase to the Swamp.
 14314 | Lair:4   | Noticed Nessos
 14334 | Lair:4   | Killed Nessos
 14779 | Lair:4   | Reached skill level 10 in Evocations
 14866 | Lair:4   | Found a staircase to the Slime Pits.
 15450 | Lair:5   | Entered Level 5 of the Lair of Beasts
 15496 | Lair:4   | Reached XP level 14. HP: 113/115 MP: 14/14
 15769 | Lair:5   | Identified the +0 helmet of Parlour Games {rC+++ Dex+4
                  | Stlth-}
 15841 | Lair:5   | Received a gift from Trog
 16975 | Lair:5   | Reached skill level 15 in Dodging
 17344 | Lair:5   | Found a corrupted altar of Lugonu.
 17344 | Lair:5   | Found a one-way gate to the infinite horrors of the Abyss.
 17358 | Lair:5   | Identified a scroll of acquirement
 17579 | D:12     | Noticed Flugkiller's ghost (journeyman OpWn)
 17591 | D:12     | Found a transporter.
 17591 | D:12     | Identified the +8 great mace of Eternity {antimagic, rF+}
 17725 | D:12     | Reached skill level 13 in Fighting
 17792 | D:12     | Reached ****** piety under Trog
 17956 | D:12     | Received a gift from Trog
 18039 | D:12     | Reached XP level 15. HP: 100/123 MP: 5/15
 19066 | D:13     | Found a basalt altar of Yredelemnul.
 20291 | D:14     | Noticed Lodul
 20352 | D:14     | Killed Lodul
 20451 | D:14     | Received a gift from Trog
 20452 | D:14     | Reached skill level 14 in Fighting
 20577 | D:14     | Found a gate to the Vaults.
 20679 | D:15     | Entered Level 15 of the Dungeon
 20717 | D:15     | Identified the +9 mace "Esmevvaa" {freeze, +Blink Str-5
                  | Int+3}
 20823 | D:15     | Found a staircase to the Depths.
 20823 | D:15     | Noticed a fire giant
 20844 | D:15     | Found a broken altar of Ashenzari.
 21367 | D:15     | Reached XP level 16. HP: 134/134 MP: 5/16
 21388 | D:15     | Found an opulent altar of Gozag.
 21623 | D:15     | Reached skill level 15 in Shields
 21802 | Orc:1    | Entered Level 1 of the Orcish Mines
 22056 | Orc:1    | Found Veuru's Armour Emporium.
 22272 | Orc:1    | You fall into a shaft and drop 1 floor!
 22272 | Orc:2    | Entered Level 2 of the Orcish Mines
 22276 | Orc:2    | Found a staircase to the Elven Halls.
 22386 | Orc:2    | Noticed Saint Roka
 22438 | Orc:2    | Killed Saint Roka
 22677 | Orc:2    | Received a gift from Trog
 22819 | Orc:2    | Reached skill level 15 in Fighting
 22980 | Orc:2    | Found Udiach's Jewellery Boutique.
 22980 | Orc:2    | Found Fopaizod's Armour Shoppe.
 22980 | Orc:2    | Found Uboig's Magic Scroll Emporium.
 22983 | Orc:2    | Found Keerouf's Assorted Antiques.
 22995 | Orc:2    | Bought an emerald potion for 36 gold pieces
 23612 | Orc:1    | Identified the +2 chain mail of Impressiveness {rC++}
 23764 | D:12     | Found a transporter.
 23775 | D:12     | Killed Flugkiller's ghost
 23801 | D:12     | Identified the +2 cloak "Kuisyuce" {Will- Str+2 Dex+2
                  | Slay+2}
 23864 | D:12     | Acquired a manual of Evocations
 23934 | Orc:2    | Bought a scroll of blinking for 105 gold pieces
 23934 | Orc:2    | Bought a scroll of enchant armour for 105 gold pieces
 24118 | Swamp:1  | Entered Level 1 of the Swamp
 24430 | Swamp:1  | Noticed Donald
 24622 | Swamp:1  | Killed Donald
 25036 | Swamp:2  | Found a transporter.
 25038 | Swamp:2  | Noticed a tentacled monstrosity
 25050 | Swamp:2  | Noticed adept's ghost (adept TrFi)
 25051 | Swamp:2  | Found a transporter.
 25078 | Swamp:2  | Received a gift from Trog
 25159 | Swamp:2  | Reached skill level 16 in Fighting
 25201 | Swamp:2  | Reached XP level 17. HP: 134/144 MP: 5/17
 26212 | Swamp:4  | Entered Level 4 of the Swamp
 26731 | Swamp:4  | Got a decaying rune of Zot
 27268 | Swamp:4  | Acquired a +6 ring of dexterity
 27361 | Snake:1  | Entered Level 1 of the Snake Pit
 27600 | Snake:1  | Found Niezaru's Book Boutique.
 27734 | Snake:1  | Received a gift from Trog
 27892 | Snake:1  | Reached skill level 17 in Fighting
 27996 | Snake:1  | Noticed Mlioglotl
 28025 | Snake:1  | Noticed a tentacled starspawn
 28026 | Snake:1  | Killed Mlioglotl
 28027 | Snake:1  | Reached skill level 15 in Evocations
 28918 | Snake:2  | Found a runed translucent door.
 28918 | Snake:2  | Noticed Xitaol's ghost (adept SpEn)
 29126 | Snake:2  | Killed Xitaol's ghost
 29299 | Snake:3  | Found Ifefecis's Gadget Gallery.
 29420 | Snake:3  | Reached XP level 18. HP: 107/156 MP: 6/18
 29563 | Snake:3  | Found a shadowy altar of Dithmenos.
 30049 | Snake:3  | Bought a wand of acid (4) for 252 gold pieces
 30059 | Snake:4  | Entered Level 4 of the Snake Pit
 30133 | Snake:4  | Reached skill level 18 in Fighting
 30628 | Snake:4  | Received a gift from Trog
 30792 | Snake:4  | Reached skill level 5 in Armour
 30976 | Snake:4  | Got a serpentine rune of Zot
 31390 | Vaults:1 | Entered Level 1 of the Vaults
 31781 | Vaults:1 | Identified the +9 spear "Narrow Widowermaker" {flame,
                  | +Blink rCorr} (Trog gifted it to you on level 1 of the
                  | Vaults)
 31781 | Vaults:1 | Received a gift from Trog
 31830 | Vaults:1 | Found Asaikusm's Weapon Boutique.
 31959 | Vaults:1 | Found a crumbling gateway.
 31994 | Vaults:1 | Reached XP level 19. HP: 158/163 MP: 6/19
 32043 | Desolati | Entered the Desolation of Salt
 32107 | Desolati | Identified the ring "Wegiwn" {Str+6 Dex+2 Stlth+}
 32310 | Desolati | Identified the ring "Danofa" {rPois rCorr MP+9 Slay+3}
 32316 | Desolati | Identified the +1 robe "Yzehasig" {rElec rF- Will+ rCorr}
 32324 | Desolati | Identified the +5 great sword "Beeseme" {heavy, Str+4}
 32324 | Desolati | Identified the ring "Iryaggoo" {Int+2 Dex+6}
 32390 | Desolati | Identified the +2 mace of the Wraith {drain, rPois Str+5
                  | Dex-4}
 32590 | Desolati | Reached skill level 10 in Armour
 32610 | Desolati | Received a gift from Trog
 32736 | Desolati | Found the +8 orange crystal plate armour {Archmagi, Int+3
                  | Clar}
 32774 | Desolati | Identified the ring "Hoklyl" {Ice rPois rN+ Int+3}
 34168 | Vaults:1 | Identified the staff of cold "Yheczair" {*Corrode rF+++ rC+
                  | Str-2 Dex+4}
 34498 | Vaults:1 | Reached XP level 20. HP: 170/170 MP: 9/20
 35293 | Vaults:2 | Found a magical portal.
 35312 | WizLab   | Entered Tukima's Studio
 35340 | WizLab   | Identified the +2 longbow of Onynk {speed, +Blink rCorr
                  | Str-3 Stlth+}
 35363 | WizLab   | Received a gift from Trog
 35424 | Abyss:2  | Cast into level 2 of the Abyss (+2 long sword of
                  | distortion)
 35733 | WizLab   | Escaped the Abyss
 35811 | WizLab   | Noticed Flugkiller's illusion
 36032 | WizLab   | Identified the +1 pair of boots of Gozag's Indignation
                  | {rElec Will+ Stlth+}
 36045 | WizLab   | Noticed Flugkiller's illusion
 36063 | WizLab   | Identified the +0 cloak of the Boiling Point {Fly rPois}
 36218 | Vaults:2 | Found Zukauz's Weapon Emporium.
 36510 | Vaults:2 | Found a portal to a secret trove of treasure.
 36628 | Vaults:2 | Received a gift from Trog
 37925 | Vaults:3 | Reached XP level 21. HP: 177/177 MP: 10/21
 38011 | Vaults:3 | Found a staircase to the Crypt.
 38062 | Vaults:3 | Received a gift from Trog
 38186 | Vaults:3 | Noticed Mennas
 38204 | Vaults:3 | Killed Mennas
 38645 | Vaults:4 | Reached skill level 19 in Fighting
 39147 | Vaults:4 | Reached skill level 20 in Fighting
 39399 | Vaults:4 | Received a gift from Trog
 39458 | Vaults:4 | Found a huge runed gate.
 39458 | Vaults:4 | Found a huge runed gate.
 39458 | Vaults:4 | Found a huge runed gate.
 39458 | Vaults:4 | Found a huge runed gate.
 39458 | Vaults:4 | Found a huge runed gate.
 39459 | Vaults:4 | Found a huge runed gate.
 39459 | Vaults:4 | Found a huge runed gate.
 39459 | Vaults:4 | Found a huge runed gate.
 39459 | Vaults:4 | Found a huge runed gate.
 39460 | Vaults:4 | Found a huge runed gate.
 39504 | Vaults:4 | Found a huge runed gate.
 39504 | Vaults:4 | Found a huge runed gate.
 39504 | Vaults:4 | Found a huge runed gate.
 39504 | Vaults:4 | Found a huge runed gate.
 39504 | Vaults:4 | Found a huge runed gate.
 39504 | Vaults:4 | Found a huge runed gate.
 39505 | Vaults:4 | Found a huge runed gate.
 39506 | Vaults:4 | Found a huge runed gate.
 39508 | Vaults:4 | Found a huge runed gate.
 39672 | Vaults:4 | Reached skill level 21 in Fighting
 39730 | Vaults:4 | Found a huge runed gate.
 39730 | Vaults:4 | Found a huge runed gate.
 39730 | Vaults:4 | Found a huge runed gate.
 39730 | Vaults:4 | Found a huge runed gate.
 39730 | Vaults:4 | Found a huge runed gate.
 39730 | Vaults:4 | Found a huge runed gate.
 39731 | Vaults:4 | Found a huge runed gate.
 39786 | Vaults:4 | Found a huge runed gate.
 39787 | Vaults:4 | Found a huge runed gate.
 39795 | Vaults:4 | Found a huge runed gate.
 39795 | Vaults:4 | Found a huge runed gate.
 39795 | Vaults:4 | Found a huge runed gate.
 39795 | Vaults:4 | Found a huge runed gate.
 39795 | Vaults:4 | Found a huge runed gate.
 39795 | Vaults:4 | Found a huge runed gate.
 39795 | Vaults:4 | Found a huge runed gate.
 39808 | Vaults:4 | Found a huge runed gate.
 40092 | Vaults:5 | Entered Level 5 of the Vaults
 40294 | Depths:1 | Entered Level 1 of the Depths
 40472 | Depths:1 | Reached XP level 22. HP: 173/195 MP: 10/22
 40476 | Depths:1 | Found a stormy altar of Qazlal.
 40521 | Depths:1 | Found a gateway to Hell.
 40651 | Depths:1 | Received a gift from Trog
 40652 | Depths:1 | Reached skill level 22 in Fighting
 40971 | Depths:1 | Found Yzxehatt's Jewellery Emporium.
 40973 | Depths:1 | Found Ehuxo's Book Shop.
 40974 | Depths:1 | Found Reepadizo's Jewellery Emporium.
 41343 | Depths:1 | Bought a ring of protection from fire for 425 gold pieces
 41947 | Depths:2 | Found Vomn's General Store.
 42041 | Depths:2 | Received a gift from Trog
 42073 | Depths:2 | Found a one-way gate leading to the halls of Pandemonium.
 42797 | Depths:2 | Received a gift from Trog
 43030 | Depths:2 | Paralysed by a wendigo for 1 turns
 43035 | Depths:2 | Paralysed by a wendigo for 1 turns
 43091 | Depths:2 | Found an iron altar of Okawaru.
 43560 | Depths:3 | Noticed a golden dragon
 43582 | Depths:3 | Killed a golden dragon
 43589 | Depths:3 | Reached XP level 23. HP: 183/205 MP: 10/23
 43618 | Depths:3 | Noticed a golden dragon
 43642 | Depths:3 | Killed a golden dragon
 43768 | Depths:3 | You fall into a shaft and drop 1 floor!
 43768 | Depths:4 | Entered Level 4 of the Depths
 43768 | Depths:4 | Found a gate to the Realm of Zot.
 43807 | Depths:4 | Received a gift from Trog
 43830 | Depths:4 | Noticed a caustic shrike
 43832 | Depths:4 | Noticed a caustic shrike
 43837 | Depths:4 | Noticed a caustic shrike
 43838 | Depths:4 | Noticed a caustic shrike
 43851 | Depths:4 | Killed a caustic shrike
 43861 | Depths:4 | Killed a caustic shrike
 43875 | Depths:4 | Killed a caustic shrike
 43919 | Depths:4 | Noticed a golden dragon
 43941 | Depths:4 | Killed a golden dragon
 43967 | Depths:4 | Killed a caustic shrike
 44077 | Depths:4 | Reached skill level 23 in Fighting
 44295 | Depths:4 | Found Amiaf's Jewellery Boutique.
 44317 | Depths:4 | Reached skill level 15 in Armour
 45095 | Depths:4 | Identified the +0 hat "Camahih" {rC+++ Str-3 Dex-3 Slay+3}
 45109 | Depths:4 | Found a radiant altar of Vehumet.
 45114 | Depths:4 | Identified the +2 robe "Kalu" {rElec rC++}
 45117 | Depths:4 | Identified the +0 robe "Gulimiam" {Slay+2}
 45490 | Depths:3 | Received a gift from Trog
 45740 | Depths:3 | Found Jeuntacuqe's General Store.
 45748 | Depths:3 | Bought a scroll of fear for 48 gold pieces
 45764 | Depths:3 | Found a one-way gateway to a ziggurat.
 45767 | Depths:3 | Paralysed by a floating eye for 2 turns
 45771 | Depths:3 | Paralysed by a floating eye for 4 turns
 46271 | Depths:3 | Noticed a juggernaut
 46287 | Depths:3 | Killed a juggernaut
 47034 | Vaults:5 | Noticed Jory
 47064 | Vaults:5 | Killed Jory
 47216 | Vaults:5 | Identified the +10 falchion of the Hand {speed, Str+5}
 47269 | Vaults:5 | Identified the +11 bardiche of the Snake Pit {heavy, Str+5
                  | Dex+3} (Trog gifted it to you on level 5 of the Vaults)
 47269 | Vaults:5 | Received a gift from Trog
 47283 | Vaults:5 | Reached XP level 24. HP: 203/215 MP: 10/23
 47634 | Vaults:5 | Noticed an ancient lich
 47657 | Vaults:5 | Killed an ancient lich
 48073 | Vaults:5 | Received a gift from Trog
 48115 | Vaults:5 | Reached skill level 24 in Fighting
 48284 | Vaults:5 | Noticed an ancient lich
 48291 | Vaults:5 | Noticed an ancient lich
 48313 | Vaults:5 | Killed an ancient lich
 48345 | Vaults:5 | Killed an ancient lich
 48440 | Vaults:5 | Reached XP level 25. HP: 219/222 MP: 10/23
 48441 | Vaults:5 | Reached XP level 26. HP: 229/230 MP: 10/23
 48492 | Vaults:5 | Identified the amulet "Zoagausa" {Spirit rC+ Dex+2}
 48529 | Vaults:5 | Noticed a dread lich
 48551 | Vaults:5 | Killed a dread lich
 48802 | Vaults:5 | Got a silver rune of Zot
 48986 | Vaults:5 | Received a gift from Trog
 48998 | Vaults:5 | Identified the +6 arbalest of Wukku {heavy, +Blink Dex+2}
 49679 | Zot:1    | Entered Level 1 of the Realm of Zot
 49981 | Zot:1    | Reached XP level 27. HP: 134/238 MP: 10/23
 51304 | Zot:2    | Received a gift from Trog
 51655 | Zot:1    | Reached skill level 15 in Polearms
 51879 | Zot:2    | Noticed an orb of fire
 51891 | Zot:1    | Gained mutation: You expend magic power (3 MP) to
                  | strengthen your wands. [an orb of fire]
 51901 | Zot:1    | Killed an orb of fire
 52192 | Zot:2    | Noticed a dread lich
 52215 | Zot:2    | Killed a dread lich
 52232 | Zot:2    | Reached skill level 25 in Fighting
 52538 | Orc:2    | Bought a ring of see invisible for 225 gold pieces
 53006 | Zot:2    | Noticed an orb of fire
 53017 | Zot:2    | Killed an orb of fire
 53185 | Zot:2    | Identified the +7 dagger of Zoetoex {antimagic, *Rage Int+6
                  | SInv}
 53185 | Zot:2    | Identified the amulet "Korgh" {Reflect -Tele *Corrode rN+++
                  | SH+5 SInv}
 53373 | Zot:2    | Received a gift from Trog
 54055 | Zot:2    | Reached skill level 26 in Fighting
 54383 | Zot:3    | Identified the ring of Okituteh {Ice rN+}
 54383 | Zot:3    | Noticed Josephina
 54408 | Zot:3    | Killed Josephina
 55047 | Zot:4    | Noticed an orb of fire
 55049 | Zot:4    | Gained mutation: You are dopey. (Int -2) [an orb of fire]
 55050 | Zot:4    | Gained mutation: You are clumsy. (Dex -2) [an orb of fire]
 55070 | Zot:4    | Killed an orb of fire
 55071 | Zot:4    | Reached skill level 27 in Fighting
 55262 | Zot:4    | Received a gift from Trog
 55354 | Zot:4    | Found the +4 dragonskin cloak
 55354 | Zot:4    | Noticed Tiamat
 55699 | Zot:4    | Killed Tiamat
 55975 | Zot:5    | Entered Level 5 of the Realm of Zot
 57316 | Zot:5    | Noticed an ancient lich
 57495 | Zot:5    | Killed an ancient lich
 57752 | Zot:5    | Noticed an ancient lich
 57756 | Zot:5    | Noticed an orb of fire
 57761 | Zot:5    | Noticed an orb of fire
 57789 | Zot:5    | Killed an orb of fire
 57793 | Zot:5    | a Killer Klown changed into a juggernaut
 57793 | Zot:5    | Noticed a juggernaut
 57820 | Zot:5    | Killed a juggernaut
 58249 | Zot:5    | Received a gift from Trog
 58376 | Zot:5    | Gained mutation: You occasionally lose the ability to drink
                  | potions when taking damage. [an orb of fire]
 58379 | Zot:5    | Noticed an ancient lich
 58395 | Zot:5    | Killed an ancient lich
 59063 | Zot:5    | Killed an ancient lich
 60227 | Zot:5    | Lost mutation: You occasionally lose the ability to drink
                  | potions when taking damage. [potion of mutation]
 60227 | Zot:5    | Lost mutation: You are dopey. (Int -2) [potion of mutation]
 60227 | Zot:5    | Lost mutation: You are clumsy. (Dex -2) [potion of
                  | mutation]
 60227 | Zot:5    | Gained mutation: Your body sometimes deteriorates upon
                  | taking damage. [potion of mutation]
 60227 | Zot:5    | Gained mutation: You do not regenerate when monsters are
                  | visible. [potion of mutation]
 60227 | Zot:5    | Lost mutation: Your body sometimes deteriorates upon taking
                  | damage. [potion of mutation]
 60227 | Zot:5    | Gained mutation: Your mind is acute. (Int +4, Str/Dex -1)
                  | [potion of mutation]
 60228 | Zot:5    | Lost mutation: Your mind is acute. (Int +4, Str/Dex -1)
                  | [potion of mutation]
 60228 | Zot:5    | Lost mutation: You expend magic power (3 MP) to strengthen
                  | your wands. [potion of mutation]
 60228 | Zot:5    | Gained mutation: You are weak. (Str -2) [potion of
                  | mutation]
 60229 | Zot:5    | Lost mutation: You do not regenerate when monsters are
                  | visible. [potion of mutation]
 60229 | Zot:5    | Lost mutation: You are weak. (Str -2) [potion of mutation]
 60229 | Zot:5    | Gained mutation: Your spells are a little harder to cast,
                  | but a little more powerful. [potion of mutation]
 60229 | Zot:5    | Gained mutation: You occasionally lose the ability to drink
                  | potions when taking damage. [potion of mutation]
 60229 | Zot:5    | Gained mutation: You are frail. (-10% HP) [potion of
                  | mutation]
 60230 | Zot:5    | Lost mutation: You occasionally lose the ability to drink
                  | potions when taking damage. [potion of mutation]
 60230 | Zot:5    | Lost mutation: You are frail. (-10% HP) [potion of
                  | mutation]
 60230 | Zot:5    | Gained mutation: Your magical capacity is low. (-10% MP)
                  | [potion of mutation]
 60230 | Zot:5    | Gained mutation: Your mind is acute. (Int +4, Str/Dex -1)
                  | [potion of mutation]
 60230 | Zot:5    | Gained mutation: You are strong-willed. (Will+) [potion of
                  | mutation]
 60230 | Zot:5    | Gained mutation: You have a beak for a mouth. [potion of
                  | mutation]
 60231 | Zot:5    | Lost mutation: You have a beak for a mouth. [potion of
                  | mutation]
 60231 | Zot:5    | Lost mutation: You are strong-willed. (Will+) [potion of
                  | mutation]
 60231 | Zot:5    | Gained mutation: A frigid envelope surrounds you and
                  | freezes all who hurt you. [potion of mutation]
 60294 | Zot:5    | Got the Orb of Zot
 60623 | D:12     | Noticed Otsool the pandemonium lord
 60677 | D:11     | Killed Otsool the pandemonium lord
 60890 | D:5      | Received a gift from Trog
 61023 | D:1      | gg
 61024 | D:$      | Escaped with the Orb!

Illustrated notes

..# #.# #####.# #.# ..# #.#
##...#.### #.# ..# #.#
##..#.....#### #.# ..#
##.###..#.#.......# #.# ..#
#......#...#......# #.# ).#
#.#####.....#####.# #.# ..#
#..#...........#..# #.# .##
####..#.........#..## #.# .##
##.....#....@....#..## #.### ..#
#..#..#...........#..## #....
#.###.##.#####.....#####..# #.##.
#...[.##......#...#.......###.##.
#.......#####..#.#..#............
#....##....###..#..#........#.##.
#....#####.####...##..#####÷#....
#....# #.........#..#........##
#....## #..####...#..#.###)#.##


Turn 61023 on D:1: gg

Levels and vault maps discovered:
D:1:      scummos_arrival_star, layout_basic
D:2:      layout_loops_ring, minmay_nonomino_d4
D:3:      layout_rooms, ebering_ecumenical_altar_webs,
          kennysheep_generic_room_2, uniq_crazy_yiuf_cottage
D:4:      layout_loops_ring, chequers_arboretum, minmay_misc_feat_encased,
          uniq_eustachio
D:5:      layout_basic
D:6:      layout_loops_ring, minmay_temple_entry_slanted, serial_demonic,
          serial_demonic_g, serial_demonic_e, serial_demonic_b, serial_demonic_d
D:7:      layout_basic, grunt_temple_overflow_order_and_chaos_1
D:8:      layout_basic, serial_curves, eino_curves_02, eino_curves_02,
          eino_curves_02, eino_curves_02
D:9:      layout_layer_cave, nicolae_overflow_hallway_of_the_gods,
          minmay_lair_entry_grove
D:10:     layout_basic, nzn_hepliaklqana_mist_gate,
          mainiacjoe_overflow_alcove_3, orc_0_dummy, uniq_erolcha, uniq_nergalle
D:11:     layout_basic
D:12:     layout_cave_pools, gammafunk_ghost_smash, hex_large,
          minmay_fractal_squares_diagonal_5
D:13:     minmay_opposing_rooms, layout_basic, minmay_misc_feat_rows,
          chequers_serial_rivers_large_a, nicolae_yredelemnul_corpse_copse
D:14:     layout_big_octagon, david_vaults_2, minivault_4, uniq_lodul
D:15:     grunt_enter_depths_giant_problem, layout_stronghold,
          cheibrodos_ashenzari_chains, nicolae_gozag_seed_capital
Lair:1:   layout_gridlike, ebering_ghost_rock_garden
Lair:2:   minmay_lair_oklob_tunnel, layout_chaotic_city, portal_ice_cave_rime,
          roderic_batcave, pond
Lair:3:   layout_loops_ring, nicolae_swamp_entry_spooky,
          guppyfry_snake_entry_garden
Lair:4:   layout_roguey, slime_entry_1, beast_lair_carwin_8, uniq_nessos
Lair:5:   hellmonk_lair_end_abyssal_woods, layout_gridlike,
          nicolae_quartered_pool_impasse, chequers_serial_rivers_micro_e,
          gammafunk_lair_bear_cave
Swamp:1:  layout_basic_swamp, evilmike_swamp_ruin_rubble_1, swamp_pool5,
          uniq_donald
Swamp:2:  layout_falls_marsh, gammafunk_ghost_arena, nicolae_swamp_little_swirl
Swamp:3:  layout_basic_swamp, evilmike_swamp_ruin_rubble_2
Swamp:4:  swamp, layout_basic_swamp, swamp_pool2,
          nicolae_swamp_orc_logging_accident
Snake:1:  layout_chambers, serial_shops, shop, uniq_mlioglotl
Snake:2:  layout_cave_pods, hellmonk_ghost_happy_afterlife,
          serial_bayou_shore_a, grunt_megastairs_3
Snake:3:  layout_cave_shapes, basic_altar, nicolae_snake_gridmaze_spiral,
          nicolae_shop_gadgets
Snake:4:  minmay_snake_end_coiled, layout_misc_corridors, grunt_ministairs_10
Orc:1:    layout_caves, serial_shops, nicolae_shop_advertising_works
          [nicolae_subvault_shop_adworks], basic_altar, elf_legates
Orc:2:    st_orc_rangers, layout_caves, basic_altar, uniq_saint_roka
Vaults:1: portal_desolation_entry_salt, nicolae_vaults_trapezoid_3, v_rooms_5,
          hangedman_vaults_stitches, nicolae_vaults_layer_cake_slice,
          hangedman_vaults_impose, grunt_vaults_diagonal, v_misc_26, v_misc_33,
          hangedman_vaults_hard_town_square, v_misc_22,
          nicolae_vaults_mini_display_case, vaults_room_pool,
          nicolae_vaults_trapezoid_lopsided_1, layout_vaults_ring, serial_shops,
          nicolae_shop_hallway_plus
Vaults:2: infiniplex_enter_wizlab_water, v_misc_23, nicolae_vaults_apartment_2,
          nicolae_vaults_shelves_hall, grunt_vaults_hallway_short,
          hangedman_vaults_corner, hangedman_vaults_cutoff, vaults_mumra_hex,
          nicolae_vaults_gold_heap, serial_ice_b,
          nicolae_vaults_surprise_closet, layout_vaults_omnigrid, serial_shops,
          nicolae_shop_competitors_out_of_business, enter_trove_0
Vaults:3: nicolae_vaults_angled_halls, nicolae_vaults_asterisk,
          grunt_vaults_funnel, v_misc_4, nicolae_vaults_sesquioval_fish,
          ontoclasm_vaults_shuriken, v_misc_1, dpeg_vaults_monster_box,
          ontoclasm_vaults_pinch, nicolae_vaults_closet_pinwheel_2,
          layout_vaults_omnibox, minmay_crypt_entry_simple_plaza, uniq_mennas
Vaults:4: vaults_room_fancy_cross, v_misc_1, v_rooms_5,
          nicolae_vaults_ninety_degrees, nicolae_vaults_closet_pinwheel_5,
          not_door_vault_due, nicolae_vaults_border_crossing,
          ontoclasm_vaults_chip, nicolae_vaults_variable_pillar_hall,
          ontoclasm_vaults_idyll, layout_vaults_maze_bifur
Vaults:5: uniq_jory
Depths:1: layout_basic, nicolae_two_hexagons, grunt_mini_vestibule,
          grunt_qazlal_sundering, minmay_shop_grove
Depths:2: dreamdust_isle_of_ice, layout_cave_pools, pf_coc_iceberg,
          serial_shops, nicolae_square_shop, serial_hangedman_research,
          hangedman_research_metamorphosis, hangedman_research_pyrotechnics,
          hangedman_research_convocations, hangedman_research_toxicology,
          hangedman_research_geology, hangedman_research_thanatology,
          grunt_pan_entry_zigzag, minmay_misc_feat_roman,
          minmay_stone_trees_medium, okawaru_altar_gauntlet_db,
          minmay_staircase_windowed_small
Depths:3: minmay_three_patterns, layout_long_grid, enter_ziggurat_d,
          abyss_entry_glasseish, serial_shops, shop, pf_hell_entry_tar_spiral,
          serial_glass, glass_columns_c, glass_columns_b,
          infiniplex_staircase_star
Depths:4: grunt_zot_entry_funnels, layout_basic, abyss_entry, hell_entry,
          roderic_roman_lattice, serial_shops, shop, grunt_tower_of_power
Zot:1:    layout_cathedral_of_symmetry, skrybe_zot_glass_3
Zot:2:    hangedman_zot_vaults_quadrants, layout_cathedral_of_symmetry
Zot:3:    layout_misc_corridors, st_stairs_3, grunt_ministairs_11,
          uniq_josephina
Zot:4:    layout_misc_corridors, uniq_tiamat
Zot:5:    layout_gridlike, st_stairs_13, grunt_ministairs_15, lemuel_golem_globe

Skill      XL: |  1  2  3  4  5  6  7  8  9 10 11 12 13 14 15 16 17 18 19 20 21 22 23 24 25 26 27 |
---------------+----------------------------------------------------------------------------------+-----
Fighting       | 4 5 6 7 8 10 11 12 13 14 16 17 18 21 22 23 24 27 | 27.0
Dodging        | 3 4 5 6 7 9 12 14 15 16 18 20 | 20.0
Polearms       | 5 6 8 9 10 12 14 16 | 16.0
Evocations     | 3 4 6 7 10 11 12 13 16 17 18 20 25 | 25.2
Shields        | 5 10 13 14 16 18 19 20 | 20.0
Armour         | 8 11 13 14 15 16 17 18 | 18.0

Action                     |  1- 3 |  4- 6 |  7- 9 | 10-12 | 13-15 | 16-18 | 19-21 | 22-24 | 25-27 || total
---------------------------+-------+-------+-------+-------+-------+-------+-------+-------+-------++-------
  Melee: Spear             |   121 |   115 |   391 |   887 |   605 |       |       |       |       ||  2119
         Punch             |       |     1 |     7 |     9 |       |       |       |       |       ||    17
         Trident           |       |   116 |    68 |       |       |       |       |       |       ||   184
         Demon trident     |       |       |       |       |  1155 |  2237 |  2650 |  2258 |  2716 || 11016
         Tailslap          |       |       |       |       |       |    16 |       |     4 |       ||    20
  Throw: Boomerang         |       |       |       |     1 |       |       |       |       |       ||     1
 Invoke: Berserk           |     1 |     3 |     7 |    12 |     7 |     7 |     2 |     3 |     5 ||    47
         Trog's Hand       |       |       |       |     1 |     1 |     2 |     1 |     4 |     6 ||    15
         Brothers in Arms  |       |       |       |       |       |     2 |     1 |     2 |     3 ||     8
Ability: Evoke Blink       |       |       |       |       |       |       |     1 |       |       ||     1
  Evoke: Wand              |       |     1 |     4 |     5 |     2 |     3 |     2 |     2 |    15 ||    34
         Lightning rod     |       |       |       |       |       |     3 |     2 |     4 |       ||     9
         Condenser vane    |       |       |       |       |       |       |     2 |     1 |     2 ||     5
         Phantom mirror    |       |       |       |       |       |       |       |     1 |     1 ||     2
    Use: Scroll            |       |     4 |     4 |     8 |    11 |    19 |     5 |     1 |    21 ||    73
         Potion            |       |     1 |     2 |     3 |     3 |       |     1 |     4 |    19 ||    33
   Stab: Sleeping          |     2 |       |       |       |       |       |       |       |       ||     2
         Distracted        |       |       |       |       |     1 |     1 |     1 |     4 |     3 ||    10
         Invisible         |       |       |       |       |       |       |       |       |     5 ||     5
 Armour: Animal skin       |     4 |       |       |       |       |       |       |       |       ||     4
         Leather armour    |     8 |    13 |       |       |       |       |       |       |       ||    21
         Scale mail        |       |    57 |   115 |   152 |    72 |       |       |       |       ||   396
         Troll leather arm |       |       |       |       |   177 |    58 |    36 |       |       ||   271
         Swamp dragon scal |       |       |       |       |       |   120 |       |       |       ||   120
         Crystal plate arm |       |       |       |       |       |       |   490 |   620 |    64 ||  1174
         Gold dragon scale |       |       |       |       |       |       |       |       |   789 ||   789
  Dodge: Dodged            |    47 |   113 |   190 |   408 |   890 |  1367 |   860 |   606 |   957 ||  5438
  Block: Kite shield       |       |       |       |    95 |  1035 |   813 |       |       |       ||  1943
         Tower shield      |       |       |       |       |       |  1055 |  2148 |  1693 |  2434 ||  7330
         Reflection        |       |       |       |       |       |       |    69 |    55 |    43 ||   167

Table legend: (Time is in decaauts)
 A = Elapsed time spent in this place.
 B = Non-inter-level travel time spent in this place.
 C = Inter-level travel time spent in this place.
 D = Time resting spent in this place.
 E = Time spent auto-exploring this place.
 F = Levels seen in this place.
 G = Mean time per level.
                   A        B        C        D        E       F      G
               +--------+--------+--------+--------+--------+-----+--------+
         Total |  57201 |  52582 |   4619 |   8168 |  24848 |  48 | 1191.7 |
       Dungeon |  15971 |  14107 |   1864 |   1852 |   8329 |  15 | 1064.7 |
          Lair |   6372 |   5820 |    552 |    967 |   2783 |   5 | 1274.4 |
         Swamp |   2734 |   2594 |    140 |    432 |   1103 |   4 |  683.5 |
     Snake Pit |   3627 |   3418 |    209 |    135 |   2229 |   4 |  906.8 |
  Orcish Mines |   1779 |   1553 |    226 |    157 |    799 |   2 |  889.5 |
        Vaults |   8301 |   7658 |    643 |    944 |   3350 |   5 | 1660.2 |
        Depths |   6226 |   5686 |    540 |    993 |   2664 |   4 | 1556.5 |
           Zot |   9476 |   9035 |    441 |   2465 |   3101 |   5 | 1895.2 |
         Abyss |    275 |    275 |      0 |     15 |     16 |   1 |  275.0 |
      Ice Cave |    476 |    476 |      0 |     93 |     74 |   1 |  476.0 |
        Wizlab |    440 |    440 |      0 |     97 |     41 |   1 |  440.0 |
    Desolation |   1518 |   1518 |      0 |     14 |    356 |   1 | 1518.0 |
               +--------+--------+--------+--------+--------+-----+--------+

Top non-repeatable levels by time:
   Zot:5: 3143 daAuts
Vaults:5: 2231 daAuts
Vaults:1: 1991 daAuts
   Zot:4: 1974 daAuts
Depths:2: 1958 daAuts
   Zot:1: 1922 daAuts
Depths:4: 1789 daAuts
    D:13: 1779 daAuts
  Lair:5: 1768 daAuts
   Zot:2: 1708 daAuts
Desolation: 1518 daAuts
Vaults:4: 1495 daAuts
     D:9: 1392 daAuts
Vaults:2: 1390 daAuts
     D:8: 1351 daAuts
